 Dungeon Crawl Stone Soup version 0.30.1-11-g7821555f0a (webtiles) character file.

Game seed: 3704591986593859886

19917 Elmgren the Warrior (level 12, -31/124 HPs)
             Began as a Minotaur Berserker on Nov 30, 2023.
             Was a High Priest of Trog.
             Annihilated by a boulder beetle (38 damage)
             ... on level 12 of the Dungeon.
             The game lasted 00:20:06 (11280 turns).

Elmgren the Warrior (Minotaur Berserker)           Turns: 11280, Time: 00:20:06

Health: -31/124    AC: 24    Str: 30    XL:     12   Next: 40%
Magic:  11/11      EV:  7    Int:  4    God:    Trog [*****.]
Gold:   684        SH: 10    Dex:  9    Spells: 11/11 levels left

rFire   . . .        n - +2 flail (venom)
rCold   . . .        K - +4 kite shield "Lialaf" {Rampage rElec Regen+ Str+2 Stlth-}
rNeg    . . .        N - +0 plate armour
rPois   .            x - +1 hat {Stlth+}
rElec   +            (no cloak)
rCorr   .            g - +0 pair of gloves
SInv    .            C - +0 pair of boots
Will    .....        Q - amulet of regeneration Stlth
                     l - +4 ring of protection
HPRegen 2.00/turn    v - +4 ring of protection
MPRegen 0.12/turn

%: rampage
@: on berserk cooldown, slowed, studying Stealth, very slow
A: horns 2, retaliatory headbutt
a: Renounce Religion, Berserk, Trog's Hand, Brothers in Arms


You were on level 12 of the Dungeon.
You worshipped Trog.
Trog was extremely pleased with you.
You visited 1 branch of the dungeon, and saw 12 of its levels.

You collected 684 gold pieces.

Inventory:

Hand Weapons
 n - a +2 flail of venom (weapon)
Missiles
 t - 177 stones (quivered)
 I - 8 throwing nets
Armour
 g - a +0 pair of gloves (worn)
 o - a +2 pair of gloves
 p - a +1 ring mail of poison resistance
 x - a +1 hat of stealth (worn)
 C - a +0 pair of boots (worn)
 G - a +2 ring mail of fire resistance
 K - the +4 kite shield "Lialaf" (worn) {Rampage rElec Regen+ Str+2 Stlth-}
   (You took it off an orc warrior on level 10 of the Dungeon)

   Str:       It affects your strength (+2).
   rElec:     It insulates you from electricity.
   Regen:     It increases your rate of health regeneration.
   Rampage:   It bestows one free step when moving towards enemies.
   Stlth:     It makes you less stealthy.
 N - a +0 plate armour (worn)
Jewellery
 l - a +4 ring of protection (left hand)
 m - an amulet of the acrobat
 v - a +4 ring of protection (right hand)
 F - a +5 ring of evasion
 O - a ring of fire
 Q - an amulet of regeneration (around neck)
Wands
 j - a wand of iceblast (12)
 w - a wand of acid (6)
 z - a wand of paralysis (12)
 D - a wand of flame (28)
 J - a wand of polymorph (5)
Scrolls
 c - a scroll of fear
 d - 6 scrolls of teleportation
 i - 3 scrolls of vulnerability
 k - 2 scrolls of brand weapon
 y - a scroll of identify
 B - a scroll of magic mapping
 E - a scroll of blinking
 L - 2 scrolls of torment
 R - a scroll of butterflies {unknown}
Potions
 a - 4 potions of degeneration
 b - 2 potions of brilliance
 e - 5 potions of curing
 f - 3 potions of invisibility
 h - 2 potions of haste {unknown}
 q - 2 potions of might {unknown}
 s - a potion of heal wounds {unknown}
 u - 2 potions of resistance
 A - 2 potions of flight
 H - 2 potions of berserk rage
 M - a potion of mutation {unknown}
 P - a potion of lignification {unknown}
Miscellaneous
 r - a piece from Xom's chessboard (15/15)


   Skills:
 + Level 16.9 Fighting
 - Level 15.5(16.1) Axes
 + Level 7.1(12.2) Maces & Flails
 + Level 7.1 Armour
 - Level 2.1 Dodging


You had 11 spell levels left.
You didn't know any spells.
Your spell library was empty.

Dungeon Overview and Level Annotations

Branches:
Dungeon (12/15) Zot: 26843  Temple (0/1) D:7            Lair (0/5) D:8
    Orc (0/2) D:9

Altars:
Cheibriados
Dithmenos
Elyvilon
Gozag
Sif Muna
Trog
Xom
Yredelemnul

Shops:
D:3 ?   D:4 [   D:8 ?

Annotations:
D:7 1 transporter


Innate Abilities, Weirdness & Mutations

You have a pair of horns on your head.
You reflexively headbutt those who attack you in melee.


Message History

* * * LOW HITPOINT WARNING * * *
The boulder beetle curls into a ball and begins rolling!
The boulder beetle leaps!
The boulder beetle hits you!
* * * LOW HITPOINT WARNING * * *
The boulder beetle stops rolling and uncurls.
You take 14 damage, and have 37/124 hp.
The boulder beetle curls into a ball and begins rolling!
You regained 3 hp, and now have 40/124 hp.
The boulder beetle hits you!!
* * * LOW HITPOINT WARNING * * *
The boulder beetle stops rolling and uncurls.
You take 18 damage, and have 22/124 hp.
The boulder beetle bites you.
* * * LOW HITPOINT WARNING * * *
The boulder beetle leaps!
You regained 3 hp, and now have 25/124 hp.
The boulder beetle curls into a ball and begins rolling!
You regained 3 hp, and now have 28/124 hp.
You feel better. You block the two-headed ogre's attack.
The two-headed ogre barely misses you.
You regained 10 hp, and now have 38/124 hp.
Unknown command.
You hit the two-headed ogre. You block the boulder beetle's attack.
The boulder beetle stops rolling and uncurls.
The two-headed ogre hits you but does no damage.
The two-headed ogre hits you with a +0 giant club.
* * * LOW HITPOINT WARNING * * *
You take 1 damage, and have 37/124 hp.
You're still recovering from your berserk rage.
The two-headed ogre attacks as you move away!
The two-headed ogre hits you with a +0 giant club!!
* * * LOW HITPOINT WARNING * * *
The two-headed ogre hits you with a +0 giant club!
* * * LOW HITPOINT WARNING * * *
The boulder beetle curls into a ball and begins rolling!
You take 33 damage, and have 4/124 hp.
MASSIVE DAMAGE!!
Okay, then.
The boulder beetle hits you!!!
You die...

#..#..#.....# #.#
...#..#.B.# # #.#
#.#°##z..##.# #.#
O##.##......# #.#
##.###...#### #.# ##### #..
#...# ##.## ##...##
##.###.C.#####...#####.....#
.##.##....o##.○............#
#.#.##....BC.zOB@..###.^...#
...#.†#....####.####
##...##### #..#.)#....# #.#
##.....(# .#.##.#....# #.#
######.# ..##.##....# #+#
#.# ## .#.#..## #.# .#.##..#
#.# #.# #..# #.# .# #.. #.#


You could see 2 boulder beetles, a skeletal warrior, a two-headed ogre, a
cyclops and an orc warrior.

Vanquished Creatures
  Gastronok (D:9)
  The ghost of Melody the Grappler, a journeyman TrFi of Wu Jian (D:10)
  A boulder beetle (D:12)
  5 two-headed ogres
  5 large abominations (D:11)
  A wizard (D:11)
  An orc knight (D:12)
  2 manticores
  An ugly thing (D:12)
  2 cyclopes (D:11)
  A gargoyle (D:9)
  An unseen horror (D:11)
  Psyche (D:11)
  Maggie (D:7)
  3 trolls
  2 hornets
  A wraith (D:9)
  4 shadows
  Sigmund (D:5)
  10 yaks
  An unseen horror simulacrum (D:10)
  A wyvern (D:8)
  2 basilisks
  4 steam dragons (D:9)
  An acid dragon (D:10)
  Duvessa (D:7)
  A water moccasin (D:5)
  An ice beast (D:7)
  3 orc warriors
  4 black bears
  2 ogres
  A sky beast (D:7)
  3 centaurs
  A kobold brigand (D:11)
  A bullfrog (D:8)
  3 gnoll sergeants (D:10)
  7 small abominations (D:11)
  3 scorpions
  11 wights
  Dowan (D:7)
  6 killer bees (D:9)
  6 howler monkeys
  3 gnoll boudas (D:10)
  11 orc priests
  5 hounds
  Ijyb (D:5)
  2 iguanas
  11 orc wizards
  25 gnolls
  9 adders
  2 river rats (D:5)
  2 shadow imps
  A white imp (D:5)
  2 worms
  4 dart slugs
  25 orcs
  2 ball pythons
  7 bats
  3 endoplasms
  4 giant cockroaches
  8 goblins
  9 hobgoblins
  4 jackals (D:10)
  8 kobolds
  5 quokkas
  5 frilled lizards
  4 rats
271 creatures vanquished.

Vanquished Creatures (others)
  An orc warrior (D:9)
  An orc wizard (D:7)
2 creatures vanquished.

Grand Total: 273 creatures vanquished

Notes
Turn   | Place    | Note
-------+----------+-------------------------------------------
     0 | D:1      | Elmgren the Minotaur Berserker began the quest for the Orb.
     0 | D:1      | Reached XP level 1. HP: 19/19 MP: 0/0
   128 | D:1      | Reached skill level 4 in Fighting
   128 | D:1      | Reached XP level 2. HP: 22/27 MP: 1/1
   963 | D:2      | Identified the +3 ring mail of Fotheuti {rC+ rCorr Dex+3}
   969 | D:2      | Reached XP level 3. HP: 34/34 MP: 2/2
  1211 | D:2      | Found a faded altar of an unknown god.
  1557 | D:2      | Reached ** piety under Trog
  1996 | D:3      | Found a basalt altar of Yredelemnul.
  2095 | D:3      | Identified the +3 falchion of the Keeping Coward {freeze,
                  | MP+9 Int+3}
  2097 | D:3      | Reached XP level 4. HP: 39/41 MP: 3/3
  2099 | D:3      | Reached skill level 5 in Fighting
  2099 | D:3      | Reached skill level 5 in Axes
  2109 | D:3      | Found Beqet's Magic Scroll Boutique.
  2432 | D:3      | Noticed a scorpion
  2438 | D:3      | Killed a scorpion
  2439 | D:3      | Reached XP level 5. HP: 50/50 MP: 4/4
  2474 | D:3      | Found a white marble altar of Elyvilon.
  2882 | D:4      | Noticed a black bear
  2904 | D:3      | Killed a black bear
  2905 | D:3      | Reached skill level 6 in Fighting
  2905 | D:3      | Reached XP level 6. HP: 52/57 MP: 5/5
  3384 | D:4      | Found Uvapsol's Antique Armour Emporium.
  3443 | D:5      | Entered Level 5 of the Dungeon
  3494 | D:5      | Found a shadowy altar of Dithmenos.
  3510 | D:5      | Identified the +4 mace of Integrity {freeze, Dex+3 Stlth+}
  3524 | D:5      | Noticed Sigmund
  3529 | D:5      | Killed Sigmund
  3530 | D:5      | Reached skill level 7 in Fighting
  3530 | D:5      | Reached XP level 7. HP: 66/66 MP: 6/6
  3797 | D:5      | Reached skill level 8 in Fighting
  3882 | D:5      | Reached *** piety under Trog
  3986 | D:5      | Reached XP level 8. HP: 77/77 MP: 7/7
  4019 | D:5      | Noticed Ijyb
  4026 | D:5      | Killed Ijyb
  4259 | D:5      | Found a snail-covered altar of Cheibriados.
  4477 | D:5      | Reached skill level 9 in Fighting
  5124 | D:6      | Reached **** piety under Trog
  5580 | D:7      | Reached skill level 10 in Fighting
  5580 | D:7      | Reached skill level 10 in Axes
  5603 | D:7      | Found a staircase to the Ecumenical Temple.
  5658 | D:7      | Found a transporter.
  5736 | D:7      | Reached XP level 9. HP: 82/86 MP: 8/8
  5775 | D:7      | Found an opulent altar of Gozag.
  5994 | D:7      | Noticed Maggie
  6011 | D:7      | Killed Maggie
  6012 | D:7      | Reached skill level 11 in Fighting
  6273 | D:7      | Noticed Dowan
  6273 | D:7      | Noticed Duvessa
  6279 | D:7      | Killed Duvessa
  6281 | D:7      | Killed Dowan
  6785 | D:8      | Found Liguaner's Magic Scroll Emporium.
  7050 | D:8      | Identified the +1 leather armour of Afytyig {Rampage rF+++
                  | rN+ Stlth-}
  7109 | D:8      | Found a staircase to the Lair.
  7121 | D:8      | Reached skill level 12 in Fighting
  7425 | D:8      | Found a shimmering blue altar of Sif Muna.
  7705 | D:9      | Found a shimmering altar of Xom.
  7706 | D:9      | Noticed a gargoyle
  7723 | D:9      | Reached XP level 10. HP: 100/100 MP: 9/9
  7729 | D:9      | Killed a gargoyle
  7730 | D:9      | Reached skill level 13 in Fighting
  8000 | D:9      | Found a bloodstained altar of Trog.
  8000 | D:9      | Found a staircase to the Orcish Mines.
  8053 | D:9      | Noticed a two-headed ogre
  8056 | D:9      | Killed a two-headed ogre
  8102 | D:9      | Noticed Gastronok
  8122 | D:9      | Killed Gastronok
  8123 | D:9      | Reached skill level 14 in Fighting
  8871 | D:10     | Entered Level 10 of the Dungeon
  9042 | D:10     | Reached XP level 11. HP: 97/111 MP: 10/10
  9163 | D:10     | Identified the +4 kite shield "Lialaf" {Rampage rElec
                  | Regen+ Str+2 Stlth-}
  9221 | D:10     | Reached ***** piety under Trog
  9446 | D:10     | Reached skill level 15 in Fighting
  9446 | D:10     | Reached skill level 15 in Axes
  9693 | D:10     | Found a runed translucent door.
  9693 | D:10     | Noticed Melody's ghost (journeyman TrFi)
  9857 | D:10     | Killed Melody's ghost
 10215 | D:11     | Noticed a two-headed ogre
 10222 | D:11     | Killed a two-headed ogre
 10259 | D:11     | Noticed Psyche
 10264 | D:11     | Killed Psyche
 10265 | D:11     | Reached skill level 1 in Maces & Flails
 10493 | D:11     | Noticed a two-headed ogre
 10501 | D:11     | Killed a two-headed ogre
 10564 | D:11     | Reached skill level 16 in Fighting
 10569 | D:11     | Noticed a two-headed ogre
 10576 | D:11     | Killed a two-headed ogre
 10965 | D:11     | Noticed a wizard
 10966 | D:11     | Noticed a two-headed ogre
 10974 | D:11     | Killed a two-headed ogre
 10975 | D:11     | Reached skill level 5 in Armour
 10986 | D:11     | Killed a wizard
 10987 | D:11     | Reached skill level 5 in Maces & Flails
 10992 | D:11     | Noticed a large abomination
 10992 | D:11     | Noticed a large abomination
 10992 | D:11     | Noticed a large abomination
 11001 | D:11     | Reached XP level 12. HP: 122/122 MP: 11/11
 11235 | D:12     | Noticed a boulder beetle
 11241 | D:12     | Received a gift from Trog
 11242 | D:12     | Noticed a boulder beetle
 11242 | D:12     | Noticed a boulder beetle
 11254 | D:12     | Killed a boulder beetle
 11255 | D:12     | Noticed a two-headed ogre
 11279 | D:12     | HP: 1/124 [two-headed ogre/+0 giant club (10)]
 11280 | D:12     | Annihilated by a boulder beetle

Illustrated notes

Levels and vault maps discovered:
D:1:      dpeg_arrival_rooms_a, layout_basic, skrybe_limestone_x
D:2:      layout_loops_corners, ebering_ecumenical_altar_mist
D:3:      layout_basic, kennysheep_ying_yang, serial_shops,
          nicolae_shop_pleasant_corner_grove
D:4:      layout_rooms, serial_shops, shop
D:5:      layout_loops_ring, nicolae_dithmenos_the_darkroom, lemuel_round_altar,
          portal_sewer_entry_e, uniq_ijyb, uniq_sigmund
D:6:      layout_basic
D:7:      nicolae_cairo_tiling_very_big, layout_gridville,
          mainiacjoe_overflow_brackets, minmay_temple_entry_stoned_glass,
          gammafunk_ghost_smash, hellmonk_bongcloud_opening, uniq_joseph,
          uniq_duvessa, uniq_maggie
D:8:      layout_cave_pods, led_sif_pool, david_lair_generic, serial_shops, shop
D:9:      layout_gridville, xom_confusion_cloud, bloody_trog, orc_0_dummy,
          uniq_gastronok
D:10:     layout_cave_pools, serial_gnoll_camp, gnoll_camp_mini_hut,
          gnoll_camp_mini_hut, gnoll_camp_medium_01, gnoll_camp_mini_hut,
          gnoll_camp_huts_moat, ebering_ghost_inner_flame
D:11:     layout_roguey, serial_bayou_pond_e, laboratory, uniq_psyche
D:12:     minmay_ornate_pinched, layout_loops_corners, uniq_sonja

Skill      XL: |  1  2  3  4  5  6  7  8  9 10 11 12 |
---------------+-------------------------------------+-----
Fighting       | 4 5 6 7 8 10 12 14 16 | 16.9
Axes           | 4 5 6 7 8 10 12 14 15 | 15.5
Maces & Flails | 5 7 |  7.1
Armour         | 5 7 |  7.1
Dodging        | |  2.1

Action                     |  1- 3 |  4- 6 |  7- 9 | 10-12 || total
---------------------------+-------+-------+-------+-------++-------
  Melee: Hand axe          |    78 |       |       |       ||    78
         Headbutt          |    14 |     9 |    20 |    68 ||   111
         War axe           |    13 |    72 |   171 |       ||   256
         Punch             |       |       |     3 |       ||     3
         Battleaxe         |       |       |    37 |   138 ||   175
         Flail             |       |       |       |   159 ||   159
 Invoke: Berserk           |       |     1 |     2 |     5 ||     8
    Use: Scroll            |       |    10 |     2 |     9 ||    21
         Potion            |       |       |     1 |     3 ||     4
 Armour: Animal skin       |     8 |       |       |       ||     8
         Ring mail         |     8 |    36 |   103 |    80 ||   227
         Plate armour      |       |       |       |    75 ||    75
  Dodge: Dodged            |    58 |    54 |   127 |   157 ||   396
  Block: Kite shield       |       |       |       |    73 ||    73
